 Dungeon Crawl Stone Soup version 0.29-a0-322-g68df515428 (webtiles) character file.

Game seed: 1806561302244906080

4 Hubjo the Magician (level 1, 0/12 HPs)
             Began as a Deep Elf Wanderer on Apr 7, 2022.
             Slain by a bat (1 damage)
             ... on level 1 of the Dungeon.
             The game lasted 00:01:21 (340 turns).

Hubjo the Magician (Deep Elf Wanderer)               Turns: 340, Time: 00:01:22

Health: 0/12       AC:  3    Str:  6    XL:     1   Next: 58%
Magic:  7/7        EV: 11    Int: 17    God:
Gold:   0          SH:  0    Dex: 16    Spells: 8/8 levels left

rFire   . . .      SeeInvis .   a - +0 dagger
rCold   . . .      Faith    .   (no shield)
rNeg    . . .      Spirit   .   c - +0 robe
rPois   .          Reflect  .   d - +0 helmet
rElec   .          Harm     .   (no cloak)
rCorr   .          Rampage  .   (no gloves)
Will    .....                   (no boots)
Stlth   +++.......              (no amulet)
HPRegen 0.04/turn               (no ring)
MPRegen 0.10/turn               (no ring)

@: no status effects
A: no striking features
a: no special abilities


You were on level 1 of the Dungeon.
You visited 1 branch of the dungeon, and saw 1 of its levels.

Inventory:

Hand Weapons
 a - a +0 dagger (weapon)
Armour
 c - a +0 robe (worn)
 d - a +0 helmet (worn)
Scrolls
 b - a scroll of fog


   Skills:
 * Level 1.1 Fighting
 - Level 1.0 Throwing
 + Level 0.2 Dodging
 * Level 3.7 Stealth
 + Level 4.4 Spellcasting
 + Level 2.3 Ice Magic


You had 8 spell levels left.
You didn't know any spells.
Your spell library contained the following spells:

 Spells                   Type           Power      Damage    Failure   Level
 Freeze                   Ice            44%        1d6       6%          1
 Slow                     Hex            12%        N/A       16%         1
 Ozocubu's Armour         Ice            11%        N/A       17%         3
 Dazzling Flash           Conj/Hex       6%         N/A       41%         3
 Hailstorm                Conj/Ice       7%         3d4       67%         4


Dungeon Overview and Level Annotations

Branches:
Dungeon (1/15)

Altars:


Message History

The bat hits you but does no damage. x2
You closely miss the bat.
The bat is severely wounded.
The bat hits you but does no damage. The bat completely misses you.
The bat closely misses you. The bat hits you but does no damage.
The bat misses you. The bat hits you but does no damage. The bat hits you.
* * * LOW HITPOINT WARNING * * *
You hit the bat.
The bat is severely wounded.
The bat barely misses you. The bat hits you but does no damage.
You barely miss the bat.
The bat is severely wounded.
The bat barely misses you.
You barely miss the bat.
The bat is severely wounded.
The bat barely misses you. x2
The bat misses you.
You miss the bat.
The bat is severely wounded.
The bat barely misses you. The bat hits you.
* * * LOW HITPOINT WARNING * * *
The bat hits you but does no damage. The bat hits you.
* * * LOW HITPOINT WARNING * * *
You completely miss the bat.
The bat is severely wounded.
The bat barely misses you.
You hit the bat but do no damage.
The bat is severely wounded.
The bat closely misses you.
You closely miss the bat.
The bat is severely wounded.
The bat hits you but does no damage. The bat closely misses you.
The bat hits you but does no damage. The bat barely misses you. x2
You closely miss the bat.
The bat is severely wounded.
The bat hits you.
You die...

##### #^..# #########
#...####.......##########
#...'..........†...$.....
######...####.......##########
#..........##..@.....[..
#..........##..b....####
#...>...................
#..........##.######....
#..........##... ....
####.#+#......... .... #.#
..####.. .
#.####################
#.....................


You could see a bat.

Vanquished Creatures
  2 endoplasms (D:1)
  A ball python (D:1)
  2 rats (D:1)
5 creatures vanquished.

Notes
Turn   | Place    | Note
-------+----------+-------------------------------------------
     0 | D:1      | Hubjo the Deep Elf Wanderer began the quest for the Orb.
     0 | D:1      | Hubjo set off with the following items: a +0 dagger, a
                  | scroll of fog, a +0 robe, a +0 helmet; and the following
                  | spells available to memorise: Freeze, Slow, Ozocubu's
                  | Armour, Dazzling Flash, Hailstorm
     0 | D:1      | Reached XP level 1. HP: 12/12 MP: 7/7
   340 | D:1      | Slain by a bat

Illustrated notes

Levels and vault maps discovered:
D:1:      onia_arrival_handbag, layout_basic, serial_shops, nicolae_square_shop,
          hellmonk_ecumenical_altar_watching_god

Action                   || total
-------------------------++-------
Melee: Dagger            ||    34
 Stab: Sleeping          ||     3
Armor: Robe              ||    26
Dodge: Dodged            ||    54

Table legend: (Time is in decaauts)
 A = Elapsed time spent in this place.
 B = Non-inter-level travel time spent in this place.
 C = Inter-level travel time spent in this place.
 D = Time resting spent in this place.
 E = Time spent auto-exploring this place.
 F = Levels seen in this place.
 G = Mean time per level.
                   A        B        C        D        E       F      G
               +--------+--------+--------+--------+--------+-----+--------+
         Total |    340 |    340 |      0 |      0 |    244 |   1 |  340.0 |
       Dungeon |    340 |    340 |      0 |      0 |    244 |   1 |  340.0 |
               +--------+--------+--------+--------+--------+-----+--------+

Top non-repeatable levels by time:
     D:1: 340 daAuts
